 Dungeon Sprint DCSS version 0.32-a0-433-g08bcfe7efd (webtiles) character file.

Game seed: 12051879564360383476

427 rocky1 the Covert (level 6, -3/35 (47) HPs)
             Began as an Octopode Brigand on Feb 23, 2024.
             Was an Initiate of Gozag.
             Slain by Sonja
             ... wielding a +0 dagger of draining
              (4 damage)
             ... in the Dungeon (Sprint I: "Red Sonja").
             The game lasted 00:01:03 (316 turns).

rocky1 the Covert (Octopode Brigand)                 Turns: 316, Time: 00:01:04

HP:   -3/35 (47)    AC:  1    Str: 11    XL:     6   Next: 97%
MP:   6/6           EV: 16    Int: 13    God:    Gozag
Gold: 22            SH:  0    Dex: 15    Spells: 5/5 levels left

rFire   . . .        a - +2 dagger
rCold   . . .        (no shield)
rNeg    . . .        (helmet restricted)
rPois   .            (no amulet)
rElec   .            (no ring)
rCorr   .            (no ring)
SInv    .            (no ring)
Will    .....        (no ring)
Stlth   +++++++      (no ring)
HPRegen 0.25/turn    (no ring)
MPRegen 0.10/turn    (no ring)
                     (no ring)

%: no teleportation
@: slowed, very heavily drained, very slow
A: almost no armour, amphibious, 8 rings, camouflage 1, gelatinous body 1,
(nimble swimmer 1), tentacles
a: Renounce Religion, Potion Petition, Call Merchant, Bribe Branch


You were in the Dungeon.
You worshipped Gozag.
Gozag was noncommittal.
You visited 1 branch You collected 322 gold pieces.
You spent 300 gold pieces at shops.

Inventory:

Hand Weapons
 a - a +2 dagger (weapon)
Missiles
 b - 9 poisoned darts (quivered)
 c - 3 curare-tipped darts
Wands
 j - a wand of paralysis (5)
 k - a wand of flame (14)
Scrolls
 i - 3 scrolls of blinking
 l - 3 scrolls of identify
 m - a scroll of fear
Potions
 d - a potion of curing
 e - a potion of heal wounds
 f - a potion of haste
 g - 2 potions of magic
 h - a potion of berserk rage


   Skills:
 + Level 6.7 Fighting
 + Level 6.7 Short Blades
 - Level 2.0 Throwing
 + Level 6.4 Dodging
 * Level 13.7 Stealth


You had 5 spell levels left.
You didn't know any spells.
Your spell library was empty.

Dungeon Overview and Level Annotations

Branches:
Dungeon (1/1)

Altars:
Cheibriados
Dithmenos
Elyvilon
Fedhas
Gozag
Hepliaklqana
Kikubaaqudgha
Nemelex Xobeh
Okawaru
Qazlal
Ru
Sif Muna
Trog
Uskayaw
Vehumet
Wu Jian
Yredelemnul
Zin
The Shining One

Shops:
D ?

Annotations:
D Sonja


Innate Abilities, Weirdness & Mutations

You cannot wear most types of armour.
You are amphibious.
You can wear up to eight rings at the same time.
Your skin changes colour to match your surroundings (Stealth+).
Your rubbery body absorbs attacks. (AC +1, EV +1)
((You are camouflaged when in or above water. (Stealth+)))
You have tentacles for arms and can constrict up to eight enemies at once.


Message History

Unknown command.
You close the door.
You feel very sick.
Sonja breaks down the door.
You feel better.
Sonja plants her feet in a plie.
Sonja closely misses you.
Sonja hits you with a +0 dagger of draining.
You feel drained. Sonja closely misses you.
You miss Sonja. You grab Sonja. You constrict Sonja, but do no damage.
Sonja hits you with a +0 dagger of draining!
You feel drained. Sonja misses you. Sonja closely misses you.
You hit Sonja.
Sonja is lightly wounded.
You constrict Sonja. Sonja completely misses you.
Sonja hits you with a +0 dagger of draining.
You feel drained.
Sonja hits you with a +0 dagger of draining.
You feel drained.
Sonja hits you with a +0 dagger of draining!
You feel drained.
Sonja hits you with a +0 dagger of draining.
* * * LOW HITPOINT WARNING * * *
You feel drained.
Sonja hits you with a +0 dagger of draining.
* * * LOW HITPOINT WARNING * * *
You feel drained.
* * * LOW HITPOINT WARNING * * *
Unknown command.
You barely miss Sonja.
Sonja is lightly wounded.
You constrict Sonja.
Sonja hits you with a +0 dagger of draining.
* * * LOW HITPOINT WARNING * * *
You feel drained.
* * * LOW HITPOINT WARNING * * *
Sonja hits you with a +0 dagger of draining.
You die...
Sonja applauds herself.
Your body crumbles into a pile of gold.

################
#<.#.)'..#..'..#
#..'..#.)').#..+
#..#####'#####'#
#..####..#...#.#
#..#__####..##.#
#..#_____##'#_.+
#⌠⌠#_.∩...'..._#
####_..__##_@#'#
#_____###K#.#
####### #.###
$.$ $.$ ##.##
#+#


You could see Sonja.

Vanquished Creatures
  Sigmund (D)
  A yak (D)
  An ogre (D)
  A jelly (D)
  Ijyb (D)
5 creatures vanquished.

Notes
Turn   | Place    | Note
-------+----------+-------------------------------------------
     0 | D        | rocky1 the Octopode Brigand began the quest for the Orb.
     0 | D        | Reached XP level 1. HP: 14/14 MP: 1/1
     2 | D        | Noticed Ijyb
     5 | D        | Killed Ijyb
     6 | D        | Reached skill level 7 in Stealth
     6 | D        | Reached XP level 2. HP: 21/21 MP: 2/2
   109 | D        | Noticed an ogre
   112 | D        | Killed an ogre
   113 | D        | Reached skill level 9 in Stealth
   113 | D        | Reached XP level 3. HP: 27/27 MP: 3/3
   113 | D        | Reached XP level 4. HP: 34/34 MP: 4/4
   124 | D        | Noticed Sigmund
   133 | D        | Killed Sigmund
   134 | D        | Reached skill level 5 in Fighting
   134 | D        | Reached skill level 5 in Short Blades
   134 | D        | Reached skill level 5 in Dodging
   134 | D        | Reached skill level 12 in Stealth
   134 | D        | Reached XP level 5. HP: 41/41 MP: 5/5
   134 | D        | Reached XP level 6. HP: 46/46 MP: 6/6
   249 | D        | Found an ornate altar of the Wu Jian Council.
   249 | D        | Found a shimmering blue altar of Sif Muna.
   251 | D        | Found a radiant altar of Vehumet.
   292 | D        | Found Tely's Magic Scroll Emporium.
   292 | D        | Found an ancient bone altar of Kikubaaqudgha.
   292 | D        | Found a hazy altar of Hepliaklqana.
   292 | D        | Found a stormy altar of Qazlal.
   292 | D        | Found a hide-covered altar of Uskayaw.
   292 | D        | Found a blossoming altar of Fedhas.
   292 | D        | Found a bloodstained altar of Trog.
   292 | D        | Found an iron altar of Okawaru.
   292 | D        | Found a basalt altar of Yredelemnul.
   292 | D        | Found a glowing golden altar of the Shining One.
   292 | D        | Found a snail-covered altar of Cheibriados.
   292 | D        | Found a sacrificial altar of Ru.
   292 | D        | Found a glowing silver altar of Zin.
   292 | D        | Found a shadowy altar of Dithmenos.
   292 | D        | Found a white marble altar of Elyvilon.
   292 | D        | Noticed a yak
   293 | D        | Found an opulent altar of Gozag.
   294 | D        | Killed a yak
   295 | D        | Reached skill level 13 in Stealth
   295 | D        | Found a sparkling altar of Nemelex Xobeh.
   300 | D        | Became a worshipper of Gozag Ym Sagoz the Greedy
   304 | D        | Bought a scroll of identify for 24 gold pieces
   304 | D        | Bought a scroll of blinking for 90 gold pieces
   304 | D        | Bought a scroll of blinking for 90 gold pieces
   304 | D        | Bought a scroll of identify for 24 gold pieces
   304 | D        | Bought a scroll of fear for 48 gold pieces
   304 | D        | Bought a scroll of identify for 24 gold pieces
   311 | D        | Noticed Sonja
   316 | D        | HP: 1/35 [Sonja/+0 dagger of draining (1)]
   316 | D        | Slain by Sonja

Illustrated notes

Levels and vault maps discovered:
D:        dungeon_sprint_1 [red_sonja_temple_1, red_sonja_temple_small_1]

Skill      XL: |  1  2  3  4  5  6 |
---------------+-------------------+-----
Fighting       | 3 4 5 6 |  6.7
Short Blades   | 3 4 5 6 |  6.7
Dodging        | 2 4 5 6 |  6.4
Stealth        | 7 9 12 13 | 13.7
Throwing       | |  2.0

Action                     |  1- 3 |  4- 6 || total
---------------------------+-------+-------++-------
  Melee: Dagger            |     2 |    13 ||    15
         Constrict         |       |     2 ||     2
         Tentacles         |       |     1 ||     1
    Use: Potion            |       |     1 ||     1
   Stab: Sleeping          |     2 |     2 ||     4
 Armour: Skin              |       |     9 ||     9
  Dodge: Dodged            |       |    10 ||    10

Table legend: (Time is in decaauts)
 A = Elapsed time spent in this place.
 B = Non-inter-level travel time spent in this place.
 C = Inter-level travel time spent in this place.
 D = Time resting spent in this place.
 E = Time spent auto-exploring this place.
 F = Levels seen in this place.
 G = Mean time per level.
                   A        B        C        D        E       F      G
               +--------+--------+--------+--------+--------+-----+--------+
         Total |    314 |    314 |      0 |    200 |      0 |   1 |  314.0 |
       Dungeon |    314 |    314 |      0 |    200 |      0 |   1 |  314.0 |
               +--------+--------+--------+--------+--------+-----+--------+

Top non-repeatable levels by time:
       D: 314 daAuts
